 Dungeon Crawl Stone Soup version 0.30-a0-1035-g38d5fb2972 (webtiles) character file.

Game seed: 6887260269687653604

1614 cheesebisquit the Purveyor of Pain (level 8, 0/66 HPs)
             Began as a Ghoul Necromancer on Apr 8, 2023.
             Was an Initiate of Kikubaaqudgha.
             Slain by a gnoll
             ... wielding a +0 whip
             ... led by a gnoll bouda
              (4 damage)
             ... on level 7 of the Dungeon.
             The game lasted 00:34:17 (8156 turns).

cheesebisquit the Purveyor of Pain (GhNe)           Turns: 8156, Time: 00:34:18

Health: 0/66       AC:  3    Str: 12    XL:     8   Next: 95%
Magic:  0/22       EV: 12    Int: 12    God:    Kikubaaqudgha [......]
Gold:   337        SH:  0    Dex: 15    Spells: 2/15 levels left

rFire   . . .      SeeInvis .      - Unarmed
rCold   + . .      Faith    .    (no shield)
rNeg    + + +      Spirit   .    a - +0 robe
rPois   ∞          Reflect  .    c - +0 helmet
rElec   .          Rampage  .    (no cloak)
rCorr   .                        (no gloves)
Will    .....                    (no boots)
Stlth   +++                      f - amulet of the acrobat
HPRegen 0.00/turn                m - ring of magical power
MPRegen 0.18/turn                v - +6 ring of dexterity

@: animating dead, inhibited regen
A: claws 1, cold resistance 1, negative energy resistance 3, inhibited
regeneration, torment resistance 2, devour on kill
a: Renounce Religion


You were on level 7 of the Dungeon.
You worshipped Kikubaaqudgha.
Kikubaaqudgha was noncommittal.
You visited 2 branches of the dungeon, and saw 8 of its levels.

You collected 337 gold pieces.

Inventory:

Hand Weapons
 j - a +1 flail of protection
 p - a +0 spectral morningstar
Missiles
 g - 3 boomerangs
 n - 15 poisoned darts
Armour
 a - a +0 robe (worn)
 c - a +0 helmet (worn)
Magical Staves
 r - a staff of cold
Jewellery
 f - an amulet of the acrobat (around neck)
 m - a ring of magical power (left claw)
 u - a ring of protection from fire
 v - a +6 ring of dexterity (right claw)
 w - a +4 ring of protection
Wands
 l - a wand of light (21)
 t - a wand of polymorph (1)
Scrolls
 e - a scroll of noise {unknown}
 h - a scroll of immolation
 o - 2 scrolls of silence
 q - a scroll of brand weapon
 s - a scroll of enchant armour {unknown}
Potions
 d - a potion of berserk rage
 i - a potion of resistance
 k - 3 potions of flight
 x - a potion of lignification {unknown}


   Skills:
 + Level 4.2 Fighting
 - Level 1.7 Dodging
 + Level 4.3 Stealth
 + Level 4.1 Unarmed Combat
 + Level 4.4 Spellcasting
 * Level 8.3 Necromancy


You had 2 spell levels left.
You knew the following spells:

 Your Spells              Type           Power      Damage    Failure   Level
a - Necrotise             Necr           88%        1d8       1%          1
c - Animate Dead          Necr           22%        N/A       7%          4
d - Agony                 Necr           22%        N/A       19%         5
z - Vampiric Draining     Necr           22%        2d7       1%          3

Your spell library contained the following spells:

 Spells                   Type           Power      Damage    Failure   Level
 Kiss of Death            Conj/Necr      48%        2d9       3%          1
 Cigotuvi's Dreadful Rot  Necr/Pois/Air  18%        N/A       11%         2
 Apportation              Tloc           4%         N/A       22%         1
 Magic Dart               Conj           8%         1d3       22%         1
 Summon Small Mammal      Summ           8%         N/A       22%         1
 Call Imp                 Summ           4%         N/A       32%         2
 Anguish                  Hex/Necr       6%         N/A       36%         4
 Dazzling Flash           Conj/Hex       4%         N/A       54%         3
 Inner Flame              Hex/Fire       2%         N/A       54%         3
 Mephitic Cloud           Conj/Pois/Air  2%         N/A       54%         3
 Volatile Blastmotes      Fire/Tloc      4%         2d10      54%         3
 Flame Wave               Conj/Fire      2%         2d4       91%         4
 Iskenderun's Mystic Bla  Conj/Tloc      2%         2d3       91%         4
 Sticky Flame             Conj/Fire      2%         2d3       91%         4
 Starburst                Conj/Fire      1%         6d3       100%        6
 Enfeeble                 Hex            1%         N/A       100%        7


Dungeon Overview and Level Annotations

Branches:
Dungeon (7/15)             Temple (1/1) D:4

Altars:
Ashenzari
Cheibriados
Fedhas
Hepliaklqana
Kikubaaqudgha
Makhleb
Nemelex Xobeh
Okawaru
Qazlal
Ru
Uskayaw
Vehumet
Xom

Annotations:
D:5 Edmund


Innate Abilities, Weirdness & Mutations

You are immune to poison.
You have sharp fingernails.
Your flesh is cold resistant. (rC+)
You are immune to negative energy. (rN+++)
You do not regenerate when monsters are visible.
You are immune to unholy pain and torment.
You thrive by killing the living.


Message History

The gnoll bouda barely misses your gnoll zombie.
The gnoll bouda writhes in agony.
You kill the gnoll bouda!
Kikubaaqudgha accepts your kill.
The dead are walking!
Your gnoll zombie hits the gnoll but does no damage.
The gnoll hits you with a +2 flail of protection!
The gnoll writhes in agony.
Your gnoll zombie barely misses the gnoll.
The gnoll hits your gnoll zombie with a +2 flail of protection!
Your gnoll zombie is destroyed!
The gnoll writhes in agony.
The gnoll barely misses your gnoll bouda zombie.
The gnoll writhes in agony.
You kill the gnoll!
Kikubaaqudgha accepts your kill.
You feel better.
The dead are walking!
Your gnoll bouda zombie hits the gnoll but does no damage.
The gnoll completely misses you.
Okay, then.
The gnoll writhes in agony.
The gnoll is no longer moving quickly.
The gnoll closely misses you.
Your gnoll bouda zombie hits the gnoll.
The gnoll hits you with a +0 whip.
The gnoll writhes in agony!
The gnoll is no longer moving quickly.
The gnoll hits you from afar with a +0 halberd!
Your gnoll bouda zombie closely misses the gnoll.
The gnoll hits you with a +0 whip!
You are too injured to fight recklessly!
Kikubaaqudgha calls piteous wretches from the earth!
You can no longer bring forth the wretched and dying.
An adder and a howler monkey come into view.
The gnoll hits you from afar with a +0 halberd!
* * * LOW HITPOINT WARNING * * *
The gnoll hits you with a +0 whip!
* * * LOW HITPOINT WARNING * * *
Okay, then.
Okay, then.
The gnoll attacks as you move away! The gnoll hits you with a +0 whip.
You die...
Kikubaaqudgha rasps: "You have failed me!
Welcome... oblivion!"

...# #......... ...#####
#........ ...'...# .......
...###.# ### ..... ...# #.#
#.. ... ...# #.# #.#####'#
...###'####.#..S#g#
...##....##.)<.h#g###########
.)..............@ZZ........>#
...##..........)..##.########
...###'#.######......#####
#### #.#.....<#..........#
#.#..#..............#
#.####....##........# .
#......#.###........# ..
#####.##...+........# .....
##..######(.......#


You could see a howler monkey (paralysed), 2 gnolls, an adder (paralysed), a
friendly gnoll bouda zombie and a friendly gnoll skeleton.

Vanquished Creatures
  A steam dragon (D:6)
  Duvessa (D:6)
  A black bear (D:6)
  An ice beast (D:7)
  An ogre (D:4)
  A centaur (D:5)
  2 bullfrogs
  A scorpion (D:4)
  Dowan (D:6)
  4 hounds
  2 gnoll boudas
  An orc priest (D:6)
  3 iguanas
  Terence (D:3)
  Natasha (thrice) (D:3)
  4 orc wizards
  7 gnolls
  5 adders
  A white imp (D:6)
  An ufetubus (D:5)
  A dart slug (D:2)
  4 orcs
  9 endoplasms
  A giant cockroach (D:4)
  2 hobgoblins
  3 jackals (D:3)
  7 kobolds
  2 quokkas (D:1)
  6 ball pythons
  8 bats
  2 goblins
  8 rats
95 creatures vanquished.

Vanquished Creatures (collateral kills)
  A water moccasin (D:6)
  A gnoll (D:5)
  2 orcs (D:6)
  A ball python (D:1)
  A goblin (D:1)
6 creatures vanquished.

Vanquished Creatures (others)
  A gnoll zombie (D:7)
  A demonic plant (D:1)
  A plant (D:1)
3 creatures vanquished.

Grand Total: 104 creatures vanquished

Notes
Turn   | Place    | Note
-------+----------+-------------------------------------------
     0 | D:1      | cheesebisquit the Ghoul Necromancer began the quest for the
                  | Orb.
     0 | D:1      | Reached XP level 1. HP: 14/14 MP: 2/2
    75 | D:1      | Found a faded altar of an unknown god.
   273 | D:1      | Reached XP level 2. HP: 20/20 MP: 0/4
   932 | D:1      | Reached XP level 3. HP: 26/26 MP: 3/5
  1228 | D:1      | Learned a level 3 spell: Vampiric Draining
  2186 | D:3      | Reached skill level 5 in Necromancy
  2300 | D:3      | Found a radiant altar of Vehumet.
  2317 | D:3      | Found a sacrificial altar of Ru.
  2531 | D:3      | Reached XP level 4. HP: 33/33 MP: 2/6
  2675 | D:3      | Noticed Natasha
  2687 | D:3      | Killed Natasha
  2875 | D:3      | Noticed Natasha
  2883 | D:3      | Killed Natasha
  3109 | D:3      | Found a broken altar of Ashenzari.
  3245 | D:3      | Noticed Terence
  3301 | D:3      | Killed Terence
  3302 | D:3      | Reached XP level 5. HP: 36/38 MP: 0/8
  3438 | D:3      | Noticed Natasha
  3449 | D:3      | Killed Natasha
  3652 | D:3      | Found an ancient bone altar of Kikubaaqudgha.
  3661 | D:3      | Became a worshipper of Kikubaaqudgha
  3704 | D:3      | Learned a level 4 spell: Animate Dead
  3706 | D:4      | Noticed an ogre
  3819 | D:4      | Found a staircase to the Ecumenical Temple.
  3843 | Temple   | Entered the Ecumenical Temple
  4413 | D:4      | Reached skill level 1 in Fighting
  4413 | D:4      | Reached skill level 6 in Necromancy
  4413 | D:4      | Reached XP level 6. HP: 29/47 MP: 9/9
  4511 | D:4      | Reached skill level 1 in Unarmed Combat
  5198 | D:5      | Entered Level 5 of the Dungeon
  5500 | D:5      | Reached XP level 7. HP: 7/55 MP: 11/11
  5704 | D:5      | Found a hazy altar of Hepliaklqana.
  5757 | D:5      | Found a hide-covered altar of Uskayaw.
  5906 | D:5      | Noticed Edmund
  6110 | D:5      | Reached skill level 7 in Necromancy
  6571 | D:6      | Reached XP level 8. HP: 28/63 MP: 12/12
  7004 | D:6      | Noticed Duvessa
  7009 | D:6      | Noticed Dowan
  7021 | D:6      | Killed Duvessa
  7027 | D:6      | Killed Dowan
  7471 | D:6      | Learned a level 5 spell: Agony
  7590 | D:7      | Reached * piety under Kikubaaqudgha
  7590 | D:7      | Received a gift from Kikubaaqudgha
  7591 | D:7      | Reached skill level 8 in Necromancy
  8054 | D:7      | Noticed a wyvern
  8156 | D:7      | Slain by a gnoll

Illustrated notes

Levels and vault maps discovered:
D:1:      wander_arrival_chamber, layout_loops_ring,
          shapermc_ecumenical_altar_gd
D:2:      layout_loops_ring
D:3:      layout_basic, mainiacjoe_overflow_surrounded_room,
          mainiacjoe_overflow_catwalk_spiral, lemuel_coloured_pillars_altar,
          uniq_natasha, uniq_terence
D:4:      layout_loops_ring, minmay_temple_entry_tees
D:5:      layout_loops_ring, general_overflow_altar,
          mainiacjoe_overflow_small_starburst, uniq_edmund
D:6:      layout_gridville, uniq_duvessa
D:7:      layout_basic, nzn_wu_jian_contemplation, dreamdust_wishing_well
Temple:   nicolae_temple_bog_church

Skill      XL: |  1  2  3  4  5  6  7  8 |
---------------+-------------------------+-----
Spellcasting   | 2 3 4 |  4.4
Necromancy     | 5 6 7 8 |  8.3
Fighting       | 1 2 3 4 |  4.2
Unarmed Combat | 2 3 4 |  4.1
Stealth        | 3 4 |  4.3
Dodging        | |  1.7

Action                     |  1- 3 |  4- 6 |  7- 9 || total
---------------------------+-------+-------+-------++-------
  Melee: Unarmed           |     9 |    15 |    17 ||    41
         Punch             |       |     1 |       ||     1
   Cast: Necrotise         |    85 |    93 |   155 ||   333
         Vampiric Draining |       |       |     5 ||     5
         Animate Dead      |       |       |     1 ||     1
 Invoke: Unearth Wretches  |       |       |     1 ||     1
    Use: Potion            |     1 |     5 |     3 ||     9
         Scroll            |       |     8 |     3 ||    11
 Armour: Robe              |     3 |    13 |    10 ||    26
  Dodge: Dodged            |    14 |    39 |    62 ||   115

Table legend: (Time is in decaauts)
 A = Elapsed time spent in this place.
 B = Non-inter-level travel time spent in this place.
 C = Inter-level travel time spent in this place.
 D = Time resting spent in this place.
 E = Time spent auto-exploring this place.
 F = Levels seen in this place.
 G = Mean time per level.
                   A        B        C        D        E       F      G
               +--------+--------+--------+--------+--------+-----+--------+
         Total |   8174 |   7586 |    588 |    700 |   5678 |   8 | 1021.8 |
       Dungeon |   7909 |   7333 |    576 |    700 |   5435 |   7 | 1129.9 |
        Temple |    265 |    253 |     12 |      0 |    243 |   1 |  265.0 |
               +--------+--------+--------+--------+--------+-----+--------+

Top non-repeatable levels by time:
     D:3: 1585 daAuts
     D:6: 1363 daAuts
     D:5: 1335 daAuts
     D:1: 1282 daAuts
     D:4: 1137 daAuts
     D:2: 962 daAuts
  Temple: 265 daAuts
     D:7: 242 daAuts
